 Dungeon Crawl Stone Soup version 0.18.1-5-g4a78601 (webtiles) character file.

98 RKaid the Chopper (level 4, 0/39 HPs)
             Began as a Minotaur Berserker on May 12, 2016.
             Was a Believer of Trog.
             Slain by a gnoll (2 damage)
             ... on level 3 of the Dungeon.
             The game lasted 00:03:02 (1966 turns).

RKaid the Chopper (Minotaur Berserker)              Turns: 1966, Time: 00:03:03

Health: 0/39       AC:  4    Str: 22    XL:     4   Next: 43%
Magic:  3/3        EV: 12    Int:  4    God:    Trog [**....]
Gold:   88         SH:  0    Dex: 10    Spells: 0 memorised, 3 levels left

rFire  . . .     SeeInvis +     a - +0 hand axe
rCold  . . .     Gourm    .     b - +0 animal skin
rNeg   . . .     Faith    .     (no shield)
rPois  .         Spirit   .     (helmet restricted)
rElec  .         Dismiss  .     (no cloak)
rCorr  +         Reflect  .     s - +0 pair of gloves
SustAt .         Harm     .     j - +0 pair of boots
MR     .....                    (no amulet)
Stlth  +.........               q - ring of see invisible {sInv, !d}
                                p - ring of resist corrosion

@: flying, not resistant to hostile enchantments, very unstealthy
A: retaliatory headbutt, horns 2
a: Berserk, Trog's Hand, Burn Spellbooks, Renounce Religion


You were on level 3 of the Dungeon.
You worshipped Trog.
Trog was pleased with you.
You were not hungry.

You visited 1 branch of the dungeon, and saw 3 of its levels.

You collected 88 gold pieces.

Inventory:

Hand Weapons
 a - a +0 hand axe (weapon)
Armour
 b - a +0 animal skin (worn)
 j - a +0 pair of boots (worn)
   (You found it on level 1 of the Dungeon)
 s - a +0 pair of gloves (worn)
   (You found it on level 2 of the Dungeon)
Jewellery
 p - a ring of resist corrosion (left hand)
   (You found it on level 2 of the Dungeon)
 q - a ring of see invisible (right hand) {sInv, !d}
   (You found it on level 2 of the Dungeon)
Scrolls
 d - a scroll of fear {unknown}
 e - a scroll of magic mapping {unknown}
 g - 2 scrolls of identify {unknown}
 k - a scroll of remove curse {unknown}
 n - a scroll of enchant weapon {unknown}
 o - a scroll of random uselessness {unknown}
Potions
 h - a potion of curing {unknown}
 i - a potion of flight
 l - a potion of ambrosia {unknown}
 m - a potion of degeneration {unknown}
 u - a potion of cancellation {unknown}
Comestibles
 c - 3 bread rations
 f - a beef jerky
 r - a meat ration


   Skills:
 - Level 3.6 Fighting
 + Level 6.4 Axes
 - Level 2.4 Armour
 - Level 2.1 Dodging


You had 3 spell levels left.
You didn't know any spells.

Dungeon Overview and Level Annotations

Branches:
Dungeon (3/15)

Altars:
Dithmenos
Elyvilon
Ru
Yredelemnul

Annotations:
D:1 1 runed door


Innate Abilities, Weirdness & Mutations

You reflexively headbutt those who attack you in melee.
You have a pair of horns on your head.


Message History

Eating a chunk of flesh.
This raw flesh tastes terrible.
You continue eating. x2
A giant cockroach comes into view.
You hit the giant cockroach.
You kill the giant cockroach!
Trog accepts your kill.
Done exploring.
There is a stone staircase leading down here.
You climb downwards.
A bat comes into view.
There is a stone staircase leading up here.
Found a stone staircase leading up.
The bat barely misses you. The bat closely misses you.
You hit the bat.
You kill the bat!
Trog accepts your kill.
No target in view!
There is a stone staircase leading up here.
A kobold comes into view. It is wielding a short sword.
The kobold throws a stone.
The stone barely misses you.
The kobold throws a stone.
The stone hits you but does no damage.
You see here a stone.
The kobold throws a stone.
The stone hits you but does no damage.
You see here a stone.
The kobold closely misses you.
You see here 10 gold pieces.
The kobold closely misses you.
You closely miss the kobold. The kobold hits you but does no damage.
You slash the kobold!
You kill the kobold!
Trog accepts your kill.
You have reached level 4!
You feel agile.
You now have 88 gold pieces (gained 10).
Things that are here:
a short sword; 2 stones; a kobold corpse
Found a stone staircase leading down.
A gnoll comes into view. It is wielding a whip.
The gnoll shouts!
A gnoll comes into view. It is wielding a whip.
The gnoll shouts!
A rat and a gnoll come into view.
A gnoll comes into view.
The gnoll closely misses you.
The gnoll moves out of view.
You closely miss the gnoll.
The gnoll shouts!
The gnoll misses you. You furiously retaliate!
You headbutt the gnoll. The gnoll hits you with a whip.
The gnoll shouts!
You hit the gnoll. Your headbutt misses the gnoll. You hit the gnoll.
The gnoll hits you with a whip. The gnoll closely misses you.
You completely miss the gnoll. You headbutt the gnoll.
You closely miss the gnoll. The gnoll misses you.
The gnoll completely misses you.
You hit the gnoll.
You kill the gnoll!
Trog accepts your kill.
Your Axes skill increases to level 6!
You hit the gnoll. The gnoll hits you but does no damage.
You hit the rat.
You kill the rat!
Trog accepts your kill.
You completely miss the gnoll. The gnoll closely misses you.
The gnoll hits you with a flail.
You see here a whip.
You closely miss the gnoll. You hit the gnoll. The gnoll barely misses you.
The gnoll hits you with a flail.
You hit the gnoll.
You kill the gnoll!
Trog accepts your kill.
You hit the gnoll but do no damage.
You hit the gnoll. x2; The gnoll closely misses you.
The gnoll barely misses you.
You hit the gnoll.
You kill the gnoll!
Trog accepts your kill.
You closely miss the gnoll. The gnoll barely misses you.
You barely miss the gnoll. You closely miss the gnoll. The gnoll misses you.
You closely miss the gnoll. The gnoll hits you.
You are too injured to fight recklessly!
You are too injured to fight recklessly!
You are too injured to fight recklessly!
You are too injured to fight recklessly!
You hit the gnoll but do no damage. The gnoll hits you!
You slash the gnoll! The gnoll hits you.
* * * LOW HITPOINT WARNING * * *
You closely miss the gnoll. The gnoll misses you.
You barely miss the gnoll. The gnoll hits you.
* * * LOW HITPOINT WARNING * * *
You closely miss the gnoll. Your headbutt misses the gnoll.
The gnoll closely misses you.
You closely miss the gnoll. The gnoll hits you.
* * * LOW HITPOINT WARNING * * *
Drink which item? (? for menu, Esc to quit)
It was a potion of flight.
You feel very buoyant.
You fly up into the air.
The gnoll hits you.
You die...

#...# ... ... ... #.#
#.# #g####### #@)......
#.####### ### #........
########.## #..######
#....##...####..#####
###.##.#..............#
#.............##........
#.#.#..#.....##...###...
#.#.#..#....## ....# ##


You could see a gnoll.

Vanquished Creatures
  3 gnolls (D:3)
  2 adders (D:2)
  2 dart slugs (D:1)
  4 giant geckos
  5 giant cockroaches
  5 hobgoblins
  A jackal (D:2)
  6 kobolds
  8 bats
  3 giant newts (D:1)
  A goblin (D:1)
  10 rats
50 creatures vanquished.

Notes
Turn   | Place    | Note
--------------------------------------------------------------
     0 | D:1      | RKaid the Minotaur Berserker began the quest for the Orb.
     0 | D:1      | Reached XP level 1. HP: 19/19 MP: 0/0
     1 | D:1      | Found a runed door.
     3 | D:1      | Noticed a jelly
    28 | D:1      | Reached skill level 4 in Axes
    39 | D:1      | Reached XP level 2. HP: 12/26 MP: 1/1
   605 | D:1      | Reached ** piety under Trog
   605 | D:1      | Reached skill level 5 in Axes
   669 | D:1      | Reached XP level 3. HP: 30/31 MP: 2/2
  1172 | D:2      | Found a shadowy altar of Dithmenos.
  1264 | D:2      | Found a basalt altar of Yredelemnul.
  1448 | D:2      | Found a sacrificial altar of Ru.
  1682 | D:2      | Found a white marble altar of Elyvilon.
  1909 | D:3      | Reached XP level 4. HP: 39/39 MP: 3/3
  1950 | D:3      | Reached skill level 6 in Axes
  1963 | D:3      | HP: 7/39 [gnoll (4)]
  1965 | D:3      | HP: 2/39 [gnoll (5)]
  1966 | D:3      | Slain by a gnoll

Skill      XL: |  1  2  3  4 |
---------------+-------------+-----
Axes           | 4 5 6 |  6.4
Fighting       | |  3.6
Armour         | |  2.4
Dodging        | |  2.1

Action                   |  1- 3 |  4- 6 || total
-------------------------+-------+-------++-------
Melee: Hand axe          |    88 |    18 ||   106
       Headbutt          |     9 |     1 ||    10
  Use: Potion            |       |     1 ||     1
  Eat: Chunk             |     3 |       ||     3
Armor: Animal skin       |    18 |       ||    18
Dodge: Dodged            |    62 |    13 ||    75

Vault maps used:
D:1:      dpeg_arrival_caged_fury
D:2:      lemuel_coloured_pillars_altar, marbit_many_paths,
          nicolae_dithmenos_shadow_blocks, first_bread, nicolae_ru_awakened_eye
D:3:      lemuel_doored_altar

Table legend:
 A = Turns spent in this place as a percentage of turns spent in the entire game.
 B = Non-inter-level travel turns spent in this place as a percentage of non-inter-level travel turns spent in the entire game.
 C = Inter-level travel turns spent in this place as a percentage of turns spent in this place.
 D = Turns resting spent in this place as a percentage of non-inter-level travel turns spent in this place.
 E = Turns spent auto-exploring this place as a percentage of non-inter-level travel turns spent in this place.
 F = Non-inter-level travel turns spent in this place divided by the number of levels of this place that you've seen.
                   A       B       C       D       E      F
               +-------+-------+-------+-------+-------+----------------------
         Total | 100.0 | 100.0 |   0.2 |   2.5 |  12.5 | 146.3
       Dungeon | 100.0 | 100.0 |   0.2 |   2.5 |  12.5 | 146.3
               +-------+-------+-------+-------+-------+----------------------

Table legend:
 A = Kills in this place as a percentage of kills in entire the game.
 B = Kills by you in this place as a percentage of kills by you in the entire game.
 C = Kills by friends in this place as a percentage of kills by friends in the entire game.
 D = Other kills in this place as a percentage of other kills in the entire game.
 E = Experience gained in this place as a percentage of experience gained in the entire game.
 F = Experience gained in this place divided by the number of levels of this place that you have seen.
                   A       B       C       D       E      F
               +-------+-------+-------+-------+-------+----------------------
         Total | 100.0 | 100.0 |  -nan |  -nan | 100.0 |  46.7
       Dungeon | 100.0 | 100.0 |  -nan |  -nan | 100.0 |  46.7
               +-------+-------+-------+-------+-------+----------------------
